 Dungeon Crawl Stone Soup version 0.28-a0-1312-g71652a0310 (webtiles) character file.

Game seed: 11704301301825710360

25 gimp the Charlatan (level 2, 0/20 HPs)
             Began as a Demigod Wanderer on Dec 27, 2021.
             Succumbed to an adder's poison
             ... on level 2 of the Dungeon.
             The game lasted 00:03:55 (1642 turns).

gimp the Charlatan (Demigod Wanderer)               Turns: 1642, Time: 00:03:56

Health: 0/20       AC:  2    Str: 12    XL:     2   Next: 63%
Magic:  2/6        EV: 11    Int: 18    God:
Gold:   0          SH:  0    Dex: 22    Spells: 3/4 levels left

rFire   . . .      SeeInvis .   a - +0 dagger
rCold   . . .      Faith    .   (no shield)
rNeg    . . .      Spirit   .   b - +0 robe
rPois   .          Reflect  .   (no helmet)
rElec   .          Harm     .   (no cloak)
rCorr   .          Rampage  .   (no gloves)
Will    .....                   (no boots)
Stlth   ++........              (no amulet)
HPRegen 0.06/turn               e - +6 ring of dexterity
MPRegen 0.10/turn               g - +6 ring of dexterity

@: lethally poisoned (0 -> -4)
A: high mp 1, forlorn, divine attributes
a: no special abilities


You were on level 2 of the Dungeon.
You visited 1 branch of the dungeon, and saw 2 of its levels.

Inventory:

Hand Weapons
 a - a +0 dagger (weapon)
Armour
 b - a +0 robe (worn)
Jewellery
 e - a +6 ring of dexterity (left hand)
 g - a +6 ring of dexterity (right hand)
 h - a +6 ring of intelligence
Scrolls
 d - 2 scrolls of identify {unknown}
 f - a scroll of magic mapping {unknown}
Miscellaneous
 c - a piece from Xom's chessboard (15/15) (quivered)


   Skills:
 - Level 1.0 Armour
 + Level 1.5 Spellcasting
 - Level 2.6 Summonings
 - Level 2.3 Transmutations
 * Level 1.1 Poison Magic
 - Level 2.6 Evocations


You had 3 spell levels left.
You knew the following spells:

 Your Spells              Type           Power      Damage    Failure   Level
a - Sting                 Tmut/Pois      28%        1d4       10%         1

Your spell library contained the following spells:

 Spells                   Type           Power      Damage    Failure   Level
 Summon Small Mammal      Summ           44%        N/A       6%          1
 Summon Guardian Golem    Hex/Summ       6%         N/A       32%         3
 Ignite Poison            Fire/Tmut/Pois 5%         N/A       34%         3
 Summon Lightning Spire   Summ/Air       6%         N/A       73%         4


Dungeon Overview and Level Annotations

Branches:
Dungeon (2/15)


Innate Abilities, Weirdness & Mutations

You have an increased reservoir of magic. (+10% MP)
You shall have no god before yourself.
Your divine heritage dramatically boosts your attributes as you level up.


Message History

The sting hits the adder.
The adder looks even sicker.
The adder is heavily wounded.
The adder bites you.
You are poisoned.
The adder poisons you!
You take 4 damage, and have 16/20 hp.
You now have 4/6 mp.
Casting: Sting (safe; 10% risk of failure)
Confirm with . or Enter, or press ? or * to list all spells.
Aiming: Sting (safe; 10% risk of failure)
Press: ? - help, Shift-Dir - straight line, f/p - adder
Aim: an adder (heavily wounded, very poisoned, 48% to hit)
The sting misses the adder.
You feel sick. The adder bites you.
You are lethally poisoned!
The adder poisons you!
You take 5 damage, and have 11/20 hp.
MASSIVE DAMAGE!!
You now have 3/6 mp.
Casting: Sting (safe; 10% risk of failure)
Confirm with . or Enter, or press ? or * to list all spells.
Aiming: Sting (safe; 10% risk of failure)
Press: ? - help, Shift-Dir - straight line, f/p - adder
Aim: an adder (almost dead, very poisoned, 48% to hit)
The sting misses the adder.
You feel very sick.
The goblin shouts!
You hear an angry hiss.
The adder bites you.
* * * LOW HITPOINT WARNING * * *
You take 6 damage, and have 5/20 hp.
MASSIVE DAMAGE!!
You now have 2/6 mp.
Found a scroll labelled REMUVVA CIUXION.
* * * LOW HITPOINT WARNING * * *
You feel sick.
You take 1 damage, and have 4/20 hp.
You aren't carrying any potions.
Unknown command.
* * * LOW HITPOINT WARNING * * *
You feel sick.
You take 2 damage, and have 2/20 hp.
Unknown command.
* * * LOW HITPOINT WARNING * * *
You feel sick.
You take 1 damage, and have 1/20 hp.
You die...

##### #...#
######...#
###.#.#.#@#.##..
#.....SS........#
.##.#.#.#S#.#.#...#
................#.#
####.#<#.#.#.##.
#.....g...... .#
##.#.#.#.#.#.# .
.............# ###
#.#.#.#.###


You could see an adder (poisoned) and 2 ball pythons.

Vanquished Creatures
  A dart slug (D:1)
  2 bats (D:1)
  4 endoplasms (D:1)
  A giant cockroach (D:1)
  2 goblins (D:1)
  3 hobgoblins (D:1)
  4 kobolds (D:1)
  2 ball pythons (D:1)
  A rat (D:1)
20 creatures vanquished.

Notes
Turn   | Place    | Note
-------+----------+-------------------------------------------
     0 | D:1      | gimp the Demigod Wanderer began the quest for the Orb.
     0 | D:1      | gimp set off with the following items: a +0 club, a +0
                  | robe, a piece from Xom's chessboard (15/15); and the
                  | following spells available to memorise: Summon Small
                  | Mammal, Sting, Summon Guardian Golem, Ignite Poison, Summon
                  | Lightning Spire
     0 | D:1      | Reached XP level 1. HP: 14/14 MP: 4/4
     2 | D:1      | Learned a level 1 spell: Sting
   876 | D:1      | Reached XP level 2. HP: 15/20 MP: 2/6
  1309 | D:1      | Reached skill level 1 in Poison Magic
  1641 | D:2      | HP: 1/20 [poisoned by an adder]
  1642 | D:2      | Succumbed to an adder's poison

Illustrated notes

Levels and vault maps discovered:
D:1:      shiori_arrival_oz, layout_rooms
D:2:      layout_loops_ring, serial_shops, shop, st_stairs_11

Skill      XL: |  1  2 |
---------------+-------+-----
Transmutations | 2 |  2.3
Poison Magic   | 1 |  1.1
Armour         | |  1.0
Spellcasting   | |  1.5
Summonings     | |  2.6
Evocations     | |  2.6

Action                   || total
-------------------------++-------
Melee: Dagger            ||    29
       Club              ||     1
 Cast: Sting             ||    36
 Stab: Sleeping          ||     1
Armor: Robe              ||     8
Dodge: Dodged            ||    18

Table legend: (Time is in decaauts)
 A = Elapsed time spent in this place.
 B = Non-inter-level travel time spent in this place.
 C = Inter-level travel time spent in this place.
 D = Time resting spent in this place.
 E = Time spent auto-exploring this place.
 F = Levels seen in this place.
 G = Mean time per level.
                   A        B        C        D        E       F      G
               +--------+--------+--------+--------+--------+-----+--------+
         Total |   1640 |   1631 |      9 |    382 |    974 |   2 |  820.0 |
       Dungeon |   1640 |   1631 |      9 |    382 |    974 |   2 |  820.0 |
               +--------+--------+--------+--------+--------+-----+--------+

Top non-repeatable levels by time:
     D:1: 1632 daAuts
     D:2: 7 daAuts
